 Dungeon Crawl Stone Soup version 0.31-a0-986-g5e6e4ef867 (webtiles) character file.

Game seed: 6007053082292933573

1 horus123 the Grave Robber (level 1, -3/13 HPs)
             Began as a Human Necromancer on Nov 4, 2023.
             Slain by a hobgoblin (5 damage)
             ... on level 1 of the Dungeon.
             The game lasted 00:00:36 (41 turns).

horus123 the Grave Robber (Human Necromancer)         Turns: 41, Time: 00:00:37

Health: -3/13      AC:  2    Str:  8    XL:     1   Next: 22%
Magic:  0/3        EV: 12    Int: 15    God:
Gold:   17         SH:  0    Dex: 13    Spells: 3/4 levels left

rFire   . . .        (no weapon)
rCold   . . .        (no shield)
rNeg    . . .        a - +0 robe
rPois   .            (no helmet)
rElec   .            (no cloak)
rCorr   .            (no gloves)
SInv    .            (no boots)
Will    .....        (no amulet)
Stlth   ++           (no ring)
HPRegen 0.22/turn    (no ring)
MPRegen 0.08/turn

%: no passive effects
@: no status effects
A: no striking features
a: no special abilities


You were on level 1 of the Dungeon.
You visited 1 branch of the dungeon, and saw 1 of its levels.

You collected 17 gold pieces.

Inventory:

Armour
 a - a +0 robe (worn)
Potions
 b - a potion of magic


   Skills:
 - Level 2.0 Dodging
 - Level 2.0 Stealth
 + Level 2.1 Spellcasting
 - Level 4.0 Necromancy


You had 3 spell levels left.
You knew the following spells:

 Your Spells              Type           Power      Damage    Failure   Level
a - Necrotise             Necr           52%        1d6       4%          1

Your spell library contained the following spells:

 Spells                   Type           Power      Damage    Failure   Level
 Vampiric Draining        Necr           13%        2d6       13%         3
 Animate Dead             Necr           13%        N/A       38%         4
 Agony                    Necr           13%        N/A       75%         5


Dungeon Overview and Level Annotations

Branches:
Dungeon (1/15)

Altars:


Message History

Your hobgoblin skeleton barely misses the ball python.
You barely miss the hobgoblin.
The hobgoblin is moderately wounded.
The ball python bites your hobgoblin skeleton.
The ball python constricts your hobgoblin skeleton.
The hobgoblin hits you.
The quokka bites your hobgoblin skeleton.
Your hobgoblin skeleton barely misses the ball python.
You barely miss the hobgoblin.
The hobgoblin is moderately wounded.
The ball python bites your hobgoblin skeleton.
Your hobgoblin skeleton is destroyed!
The hobgoblin hits you. The quokka misses you.
The hobgoblin attacks as it pursues you!
The hobgoblin barely misses you.
A dart slug comes into view.
The hobgoblin closely misses you. The quokka attacks as it pursues you!
The quokka bites you. The quokka attacks as it pursues you!
The quokka closely misses you.
The quokka bites you but does no damage.
Aiming: Necrotise (safe; 4% risk of failure)
Press: ? - help, Q - select action Shift-Dir - straight line, f/p - hobgoblin
Aim: a hobgoblin (lightly wounded, chance to affect: 83%)
The quokka writhes in agony.
The quokka closely misses you. The quokka bites you.
* * * LOW HITPOINT WARNING * * *
Found 3 stones.
A quokka comes into view.
Found a scroll labelled VOUDWI YLICROON.
The hobgoblin attacks as it pursues you!
The hobgoblin barely misses you.
Aiming: Necrotise (safe; 4% risk of failure)
Press: ? - help, Q - select action Shift-Dir - straight line, f/p - hobgoblin
Aim: a hobgoblin (lightly wounded, chance to affect: 83%)
The hobgoblin writhes in agony.
The quokka bites you.
* * * LOW HITPOINT WARNING * * *
The quokka barely misses you. The hobgoblin hits you.
You die...

#....###....###.
...........# #.
.........K.#...
##.#####..#...# . #..#
#.....## ..####
##..#####......#
......##S..........##..#
........g.K.###.#.## #..
....r..@r##'# #.#.# #.
........##♣.♣##.#.# #
..##.#..+..<..+...#
#...###~~~###..# ...(


#PPP# ... ..## ##### .# #.. #.? You could see 2 quokkas, a hobgoblin, a ball
python and a kobold.

Vanquished Creatures
  A hobgoblin (D:1)
1 creature vanquished.

Notes
Turn   | Place    | Note
-------+----------+-------------------------------------------
     0 | D:1      | horus123 the Human Necromancer began the quest for the Orb.
     0 | D:1      | Reached XP level 1. HP: 13/13 MP: 3/3
    41 | D:1      | Slain by a hobgoblin

Illustrated notes

Levels and vault maps discovered:
D:1:      tarquinn_simple_flora_water_e, layout_rooms,
          shapermc_ecumenical_altar_mp_vishouse

Action                     || total
---------------------------++-------
  Melee: Unarmed           ||     2
   Cast: Necrotise         ||     5
 Armour: Robe              ||     8
  Dodge: Dodged            ||     9

Table legend: (Time is in decaauts)
 A = Elapsed time spent in this place.
 B = Non-inter-level travel time spent in this place.
 C = Inter-level travel time spent in this place.
 D = Time resting spent in this place.
 E = Time spent auto-exploring this place.
 F = Levels seen in this place.
 G = Mean time per level.
                   A        B        C        D        E       F      G
               +--------+--------+--------+--------+--------+-----+--------+
         Total |     41 |     41 |      0 |      0 |     10 |   1 |   41.0 |
       Dungeon |     41 |     41 |      0 |      0 |     10 |   1 |   41.0 |
               +--------+--------+--------+--------+--------+-----+--------+

Top non-repeatable levels by time:
     D:1: 41 daAuts
